 Dungeon Crawl Stone Soup version 0.21.1-1-g345015f (webtiles) character file.

39 tidbits the Grave Robber (level 3, 0/25 HPs)
             Began as a Gnoll Necromancer on June 29, 2018.
             Slain by Eustachio
             ... wielding a +0 falchion
              (3 damage)
             ... on level 4 of the Dungeon.
             The game lasted 00:03:55 (318 turns).

tidbits the Grave Robber (Gnoll Necromancer)         Turns: 318, Time: 00:03:55

Health: 0/25       AC:  2    Str: 10    XL:     3   Next: 45%
Magic:  2/9        EV: 14    Int: 18    God:
Gold:   44         SH:  0    Dex: 15    Spells: 4/12 levels left

rFire    . . .     SeeInvis .   e - +0 dagger
rCold    . . .     Gourm    .   (no shield)
rNeg     . . .     Faith    .   a - +0 robe
rPois    .         Spirit   .   (no helmet)
rElec    .         Reflect  .   (no cloak)
rCorr    .         Harm     .   (no gloves)
MR       .....                  (no boots)
Stlth    +++.......             (no amulet)
HPRegen  0.08/turn              (no ring)
MPRegen  0.11/turn              (no ring)

@: very slightly contaminated
A: distributed training, fangs 1, strong nose
a: no special abilities


You were on level 4 of the Dungeon.
You were not hungry.

You visited 1 branch of the dungeon, and saw 4 of its levels.

You collected 44 gold pieces.

Inventory:

Hand Weapons
 e - a +0 dagger (weapon)
Armour
 a - a +0 robe (worn)
Scrolls
 g - a scroll of immolation {unknown}
Potions
 f - a potion of curing
Books
 b - a book of Necromancy

   Spells                             Type                      Level
   a - Pain                           Necromancy                   1
   b - Animate Skeleton               Necromancy                   1
   c - Vampiric Draining              Necromancy                   3
   d - Regeneration                   Charms/Necromancy            3
   e - Animate Dead                   Necromancy                   4
   f - Borgnjor's Vile Clutch         Necromancy/Earth             5
Comestibles
 c - 3 rations


   Skills:
 + Level 0.7 Fighting
 + Level 0.7 Short Blades
 + Level 0.7 Long Blades
 + Level 0.7 Axes
 + Level 0.7 Maces & Flails
 + Level 0.7 Polearms
 + Level 0.7 Staves
 + Level 0.7 Slings
 + Level 0.7 Bows
 + Level 0.7 Crossbows
 + Level 0.7 Throwing
 + Level 0.7 Armour
 + Level 4.5 Dodging
 + Level 4.1 Stealth
 + Level 0.7 Shields
 + Level 0.7 Unarmed Combat
 + Level 5.0 Spellcasting
 + Level 0.5 Conjurations
 + Level 0.5 Hexes
 + Level 0.5 Charms
 + Level 0.5 Summonings
 + Level 7.1 Necromancy
 + Level 0.5 Translocations
 + Level 0.5 Transmutations
 + Level 0.5 Fire Magic
 + Level 0.5 Ice Magic
 + Level 0.5 Air Magic
 + Level 0.5 Earth Magic
 + Level 0.5 Poison Magic
 + Level 0.9 Invocations
 + Level 0.7 Evocations


You had 4 spell levels left.
You knew the following spells:

 Your Spells              Type           Power        Failure   Level  Hunger
a - Pain                  Necr           ####         1%          1    None
d - Vampiric Draining     Necr           ####......   2%          3    ##.....
n - Animate Skeleton      Necr           N/A          1%          1    None
r - Regeneration          Chrm/Necr      ###.......   9%          3    ##.....


Dungeon Overview and Level Annotations

Branches:
Dungeon (4/15)
 Temple: D:4-7

Altars:
Ashenzari

Annotations:
D:4 Eustachio


Innate Abilities, Weirdness & Mutations

Your experience applies equally to all skills.
You have very sharp teeth.
Your uncanny sense of smell can sniff out nearby items.


Message History

Aim: a gnoll, wielding a club (severely wounded, chance to defeat MR: 89%)
The gnoll barely resists.
Casting: Pain
Confirm with . or Enter, or press ? or * to list all spells.
Aiming: Pain
Press: ? - help, Shift-Dir - straight line, f/p - gnoll
Aim: a gnoll, wielding a club (severely wounded, chance to defeat MR: 89%)
The gnoll writhes in agony!
You kill the gnoll!
There is a stone staircase leading down here.
You climb downwards.
Found 18 sling bullets.
There is a stone staircase leading up here.
Unknown command.
Found a ration.
An iguana comes into view.
A crimson imp comes into view.
The crimson imp shouts!
The crimson imp blinks!
Unknown command.
You see here a ration.
c - 3 rations (gained 1)
Okay, then.
Blink to where?
Press: ? - help, Dir - move target cursor You are very lightly contaminated with residual magic.
As you read the scroll labeled LUVO BUECIUGG, it crumbles to dust.
It was a scroll of blinking.
As you read the scroll labeled CEKUAC ZIROYC, it crumbles to dust.
You feel strangely unstable.
It was a scroll of teleportation.
The crimson imp laughs crazily.
Your surroundings suddenly seem different.
Found a scroll labeled XOKUOH KEGUDGH.
You see here a scroll labeled XOKUOH KEGUDGH.
g - a scroll labeled XOKUOH KEGUDGH Eustachio the Magnificent comes into view.
He is wielding a falchion.
Eustachio shouts!
You hear an angry hiss.
Eustachio gestures wildly while chanting.
Eustachio blinks!
You hear a shout!
Okay, then.
Eustachio casts a spell.
Eustachio blinks!
Unknown command.
Casting: Pain
Confirm with . or Enter, or press ? or * to list all spells.
Aiming: Pain
Press: ? - help, Shift-Dir - straight line, f - Eustachio
Aim: Eustachio, wielding a falchion and wearing a leather armour (chance to defeat MR: 84%) Eustachio writhes in agony!
Magic courses through your body.
Casting: Pain
Confirm with . or Enter, or press ? or * to list all spells.
Aiming: Pain
Press: ? - help, Shift-Dir - straight line, f/p - Eustachio
Aim: Eustachio, wielding a falchion and wearing a leather armour (lightly wounded, chance to defeat MR: 84%) Eustachio writhes in agony!
Eustachio completely misses you.
Casting: Pain
Confirm with . or Enter, or press ? or * to list all spells.
Aiming: Pain
Press: ? - help, Shift-Dir - straight line, f/p - Eustachio
Aim: Eustachio, wielding a falchion and wearing a leather armour (moderately wounded, chance to defeat MR: 84%) Eustachio writhes in agony!
Eustachio casts a spell.
Unknown command.
Casting: Pain
Confirm with . or Enter, or press ? or * to list all spells.
Aiming: Pain
Press: ? - help, Shift-Dir - straight line, f/p - Eustachio
Aim: Eustachio, wielding a falchion and wearing a leather armour (heavily wounded, chance to defeat MR: 84%) Eustachio barely resists.
The bat closely misses you. Eustachio barely misses you.
Casting: Pain
Confirm with . or Enter, or press ? or * to list all spells.
Aiming: Pain
Press: ? - help, Shift-Dir - straight line, f/p - Eustachio
Aim: Eustachio, wielding a falchion and wearing a leather armour (heavily wounded, chance to defeat MR: 84%) Eustachio barely resists.
The bat hits you.
* * * LOW HITPOINT WARNING * * *
Eustachio hits you with a falchion.
* * * LOW HITPOINT WARNING * * *
The bat barely misses you.
Casting: Pain
Confirm with . or Enter, or press ? or * to list all spells.
Aiming: Vampiric Draining
Press: ? - help, Shift-Dir - straight line, f/p - Eustachio
Aim: Eustachio, wielding a falchion and wearing a leather armour (heavily wounded) Eustachio is severely wounded.
You feel life coursing into your body. The bat barely misses you.
Eustachio hits you with a falchion!
* * * LOW HITPOINT WARNING * * *
Casting: Vampiric Draining
Confirm with . or Enter, or press ? or * to list all spells.
Aiming: Pain
Press: ? - help, Shift-Dir - straight line, f/p - Eustachio
Aim: Eustachio, wielding a falchion and wearing a leather armour (severely wounded, chance to defeat MR: 84%) Eustachio writhes in agony!
The bat closely misses you.
Eustachio says, "Summoning is fun!"
Eustachio hits you with a falchion.
You die...

#.# ∆ #.#
###.#
###...#
##...#.#
###..###.#
##...## #.#
≈≈.♣###b.###
### #..r@@##
##..### #. #


You could see Eustachio, a river rat and a bat.

Vanquished Creatures
  A gnoll (D:3)
  A dart slug (D:2)
  A leopard gecko (D:1)
  A giant cockroach (D:1)
  5 goblins (D:1)
  6 hobgoblins
  A quokka (D:2)
  3 bats
  2 frilled lizards (D:1)
  4 kobolds (D:1)
25 creatures vanquished.

Notes
Turn   | Place    | Note
-------+----------+-------------------------------------------
     0 | D:1      | tidbits the Gnoll Necromancer began the quest for the Orb.
     0 | D:1      | Reached XP level 1. HP: 13/13 MP: 6/6
    73 | D:1      | Reached XP level 2. HP: 17/19 MP: 2/7
    76 | D:1      | Learned a level 1 spell: Animate Skeleton
   190 | D:2      | Reached XP level 3. HP: 5/25 MP: 5/9
   192 | D:2      | Reached skill level 5 in Spellcasting
   197 | D:2      | Learned a level 3 spell: Regeneration
   202 | D:2      | Learned a level 3 spell: Vampiric Draining
   208 | D:2      | Found a shattered altar of Ashenzari.
   306 | D:4      | Noticed Eustachio
   318 | D:4      | Slain by Eustachio

Skill      XL: |  1  2  3 |
---------------+----------+-----
Spellcasting   | 5 |  5.0
Fighting       | |  0.7
Short Blades   | |  0.7
Long Blades    | |  0.7
Axes           | |  0.7
Maces & Flails | |  0.7
Polearms       | |  0.7
Staves         | |  0.7
Slings         | |  0.7
Bows           | |  0.7
Crossbows      | |  0.7
Throwing       | |  0.7
Armour         | |  0.7
Dodging        | |  4.5
Stealth        | |  4.1
Shields        | |  0.7
Unarmed Combat | |  0.7
Conjurations   | |  0.5
Hexes          | |  0.5
Charms         | |  0.5
Summonings     | |  0.5
Necromancy     | |  7.1
Translocations | |  0.5
Transmutations | |  0.5
Fire Magic     | |  0.5
Ice Magic      | |  0.5
Air Magic      | |  0.5
Earth Magic    | |  0.5
Poison Magic   | |  0.5
Invocations    | |  0.9
Evocations     | |  0.7

Action                   || total
-------------------------++-------
Melee: Dagger            ||    19
       Punch             ||     1
 Cast: Pain              ||    40
       Vampiric Draining ||     1
       Regeneration      ||     1
  Use: Potion            ||     3
       Scroll            ||     2
 Stab: Sleeping          ||     1
Armor: Robe              ||     2
Dodge: Dodged            ||    31

Table legend:
 A = Turns spent in this place as a percentage of turns spent in the entire game.
 B = Non-inter-level travel turns spent in this place as a percentage of non-inter-level travel turns spent in the entire game.
 C = Inter-level travel turns spent in this place as a percentage of turns spent in this place.
 D = Turns resting spent in this place as a percentage of non-inter-level travel turns spent in this place.
 E = Turns spent auto-exploring this place as a percentage of non-inter-level travel turns spent in this place.
 F = Non-inter-level travel turns spent in this place divided by the number of levels of this place that you've seen.
                   A       B       C       D       E      F
               +-------+-------+-------+-------+-------+----------------------
         Total | 100.0 | 100.0 |   0.0 |   0.0 |   0.0 |  79.5
       Dungeon | 100.0 | 100.0 |   0.0 |   0.0 |   0.0 |  79.5
               +-------+-------+-------+-------+-------+----------------------

Table legend:
 A = Kills in this place as a percentage of kills in entire the game.
 B = Kills by you in this place as a percentage of kills by you in the entire game.
 C = Kills by friends in this place as a percentage of kills by friends in the entire game.
 D = Other kills in this place as a percentage of other kills in the entire game.
 E = Experience gained in this place as a percentage of experience gained in the entire game.
 F = Experience gained in this place divided by the number of levels of this place that you have seen.
                   A       B       C       D       E      F
               +-------+-------+-------+-------+-------+----------------------
         Total | 100.0 | 100.0 |   N/A |   N/A | 100.0 |  14.0
       Dungeon | 100.0 | 100.0 |   N/A |   N/A | 100.0 |  14.0
               +-------+-------+-------+-------+-------+----------------------

Vault maps used:
D:1:      mrwooster_arrival_statue_3
D:2:      nicolae_ashenzari_panopticon, lemuel_crystal_altar, first_ration,
          uniq_terence, uniq_robin
D:3:      grunt_decor_fettered
D:4:      nicolae_ru_sacrificial_ziggurat, minmay_temple_entry_crystal_x,
          serial_glass, glass_columns_b, glass_columns_b, serial_bayou_pond_e,
          uniq_eustachio
